 Dungeon Crawl Stone Soup version 0.31-a0-1074-g0b22e4e0f1 (console) character file.

Game seed: 2117400494961536351

3110 jejorda2 the Cleaver (level 9, 0/74 HPs)
             Began as a Gnoll Berserker on Dec 7, 2023.
             Was a Priest of Trog.
             Constricted to death by Maurice (3 damage)
             ... on level 8 of the Dungeon.
             The game lasted 00:13:28 (6769 turns).

jejorda2 the Cleaver (Gnoll Berserker)              Turns: 6769, Time: 00:13:29

Health: 0/74       AC: 16    Str: 21    XL:     9   Next: 91%
Magic:  12/16      EV:  9    Int:  9    God:    Trog [***...]
Gold:   0          SH:  0    Dex: 11    Spells: 17/17 levels left

rFire   + . .        a - +1 broad axe
rCold   . . .        (no shield)
rNeg    . . .        c - +6 scale mail of Yredelemnul's Wrath {Int+2 Slay+3}
rPois   .            (no helmet)
rElec   .            q - +0 cloak {Stlth+}
rCorr   .            k - +0 pair of gloves
SInv    .            (no boots)
Will    +....        (no amulet)
Stlth   ++           r - ring of flight
HPRegen 0.32/turn    e - ring of protection from fire
MPRegen 0.15/turn

%: no passive effects
@: mighty, grasped by roots, on berserk cooldown, attractive, enlightened,
flying, constricted
A: fangs 1, strong nose, distributed training
a: Renounce Religion, Berserk, Trog's Hand


You were on level 8 of the Dungeon.
You worshipped Trog.
Trog was most pleased with you.
You visited 1 branch of the dungeon, and saw 8 of its levels.

You collected 233 gold pieces.
You spent 233 gold pieces at shops.

Inventory:

Hand Weapons
 a - a +1 broad axe (weapon)
 b - a +2 dire flail of venom
 f - a +0 battleaxe
Missiles
 m - 11 poisoned darts
 w - 2 javelins
 A - a throwing net
Armour
 c - the +6 scale mail of Yredelemnul's Wrath (worn) {Int+2 Slay+3}
   (You found it on level 7 of the Dungeon)

   Int+2:     It affects your intelligence (+2).
   Slay+3:    It affects your accuracy & damage with ranged weapons and melee
   (+3).
 k - a +0 pair of gloves (worn)
 q - a +0 cloak of stealth (worn)
Jewellery
 e - a ring of protection from fire (right hand)
 r - a ring of flight (left hand)
Scrolls
 d - 6 scrolls of blinking
 n - 7 scrolls of teleportation
 o - 2 scrolls of revelation
 p - a scroll of immolation
 z - a scroll of fog
Potions
 h - 6 potions of curing
 j - a potion of lignification


   Skills:
 + Level 8.2 Fighting
 + Level 4.8 Short Blades
 + Level 4.8 Long Blades
 + Level 8.2 Axes
 + Level 4.8 Maces & Flails
 + Level 4.8 Polearms
 + Level 4.8 Staves
 + Level 4.8 Ranged Weapons
 + Level 4.8 Throwing
 + Level 6.7 Armour
 + Level 6.7 Dodging
 + Level 4.8 Stealth
 + Level 4.8 Shields
 + Level 4.8 Unarmed Combat
 + Level 4.8 Spellcasting
 + Level 3.9 Conjurations
 + Level 3.9 Hexes
 + Level 3.9 Summonings
 + Level 3.9 Necromancy
 + Level 3.9 Translocations
 + Level 3.9 Transmutations
 + Level 3.9 Fire Magic
 + Level 3.9 Ice Magic
 + Level 3.9 Air Magic
 + Level 3.9 Earth Magic
 + Level 3.9 Poison Magic
 + Level 5.2 Invocations
 + Level 4.8 Evocations
 + Level 4.3 Shapeshifting


You had 17 spell levels left.
You didn't know any spells.
Your spell library was empty.

Dungeon Overview and Level Annotations

Branches:
Dungeon (8/15)             Temple (0/1) D:6
   Lair: D:8-11

Altars:
Dithmenos
Fedhas
Hepliaklqana
Kikubaaqudgha
Makhleb
Ru
Wu Jian
Xom

Shops:
D:2 ?

Annotations:
D:7 Jeremiah
D:8 Maurice


Innate Abilities, Weirdness & Mutations

You have very sharp teeth.
Your uncanny sense of smell can sniff out nearby items.
Your experience applies equally to all skills.


Message History

Something is attracted toward you.
It was a potion of might.
You feel very mighty all of a sudden.
You feel yourself speed up.
Maurice appears from thin air!
Reactivating autopickup.
Maurice closely misses you. Maurice bites you but does no damage.
You completely miss Maurice.
Maurice is moderately wounded.
Maurice hits you but does no damage. Maurice bites you but does no damage.
Maurice hits you but does no damage. Maurice barely misses you.
You barely miss Maurice.
Maurice is moderately wounded.
Maurice hits you with a +0 short sword.
* * * LOW HITPOINT WARNING * * *
Maurice mutters, "Now where did you hide it?"
Maurice barely misses you.
You barely miss Maurice.
Maurice is moderately wounded.
Maurice hits you but does no damage. Maurice bites you.
* * * LOW HITPOINT WARNING * * *
You feel your power leaking away. Maurice drains your magic.
You closely miss Maurice.
Maurice is moderately wounded.
Maurice barely misses you. Maurice bites you but does no damage.
You slice Maurice!! You bite Maurice!
Maurice is severely wounded.
Maurice hits you with a +0 short sword.
* * * LOW HITPOINT WARNING * * *
Maurice grunts, "Curses!"
Maurice misses you.
You slash Maurice!
Maurice is almost dead.
Maurice zaps a wand.
The roots erupt in riotous growth!
The grasping roots grab you!
Maurice is unaffected.
The grasping roots constrict you.
* * * LOW HITPOINT WARNING * * *
Maurice barely misses you. Maurice completely misses you.
The grasping roots constrict you.
You die...

#..... #.... #.... #
.?. .## ∆... ....
##.##..... #.f...#
#.@# ##..# ####
#...# ∆ .
.....#...### ..$
........)..####.D...
.....##.##..<...c...
........####.##.....
....##### ..# ...
... #### .


You could see Maurice.

Vanquished Creatures
  The ghost of GreenGuy14 the Cleaver, a novice HOFi (D:6)
  An unseen horror skeleton (D:6)
  Eustachio (D:6)
  3 steam dragons
  2 water moccasins
  An orc warrior (D:6)
  2 ice beasts (D:5)
  A centaur (D:8)
  A phantom (D:5)
  A bullfrog (D:6)
  3 scorpions
  5 wights (D:7)
  4 howler monkeys
  2 jellies
  3 orc priests
  5 hounds
  Crazy Yiuf (D:3)
  2 sleepcaps
  An orc wizard (D:4)
  5 gnolls (D:5)
  A howler monkey zombie (D:6)
  4 adders
  2 white imps
  4 worms
  21 orcs
  5 ball pythons
  2 endoplasms
  3 giant cockroaches
  5 goblins
  3 hobgoblins
  A quokka (D:3)
  3 bats
  4 kobolds
  21 rats
124 creatures vanquished.

Notes
Turn   | Place    | Note
-------+----------+-------------------------------------------
     0 | D:1      | jejorda2 the Gnoll Berserker began the quest for the Orb.
     0 | D:1      | Reached XP level 1. HP: 23/23 MP: 1/1
   174 | D:1      | Found a faded altar of an unknown god.
   857 | D:2      | Reached XP level 2. HP: 29/29 MP: 2/2
  1309 | D:2      | Reached XP level 3. HP: 33/35 MP: 3/3
  1431 | D:2      | Reached skill level 1 in Invocations
  1451 | D:2      | Found The Oracle's Delphic Readings.
  1455 | D:2      | Bought a scroll of teleportation for 39 gold pieces
  1636 | D:2      | Bought a scroll of revelation for 97 gold pieces
  1678 | D:3      | Reached skill level 1 in Short Blades
  1678 | D:3      | Reached skill level 1 in Long Blades
  1678 | D:3      | Reached skill level 1 in Maces & Flails
  1678 | D:3      | Reached skill level 1 in Polearms
  1678 | D:3      | Reached skill level 1 in Staves
  1678 | D:3      | Reached skill level 1 in Ranged Weapons
  1678 | D:3      | Reached skill level 1 in Throwing
  1678 | D:3      | Reached skill level 1 in Stealth
  1678 | D:3      | Reached skill level 1 in Shields
  1678 | D:3      | Reached skill level 1 in Unarmed Combat
  1678 | D:3      | Reached skill level 1 in Spellcasting
  1678 | D:3      | Reached skill level 1 in Evocations
  1764 | D:3      | Found a shadowy altar of Dithmenos.
  1834 | D:3      | Reached skill level 1 in Shapeshifting
  1834 | D:3      | Reached XP level 4. HP: 41/41 MP: 5/5
  1992 | D:3      | Reached ** piety under Trog
  2124 | D:3      | Reached skill level 1 in Conjurations
  2124 | D:3      | Reached skill level 1 in Hexes
  2124 | D:3      | Reached skill level 1 in Summonings
  2124 | D:3      | Reached skill level 1 in Necromancy
  2124 | D:3      | Reached skill level 1 in Translocations
  2124 | D:3      | Reached skill level 1 in Transmutations
  2124 | D:3      | Reached skill level 1 in Fire Magic
  2124 | D:3      | Reached skill level 1 in Ice Magic
  2124 | D:3      | Reached skill level 1 in Air Magic
  2124 | D:3      | Reached skill level 1 in Earth Magic
  2124 | D:3      | Reached skill level 1 in Poison Magic
  2297 | D:3      | Found a blossoming altar of Fedhas.
  2299 | D:3      | Found a burning altar of Makhleb.
  2338 | D:3      | Reached XP level 5. HP: 47/47 MP: 5/7
  2759 | D:3      | Found a runed translucent door.
  2760 | D:3      | Noticed Crazy Yiuf
  2766 | D:3      | Killed Crazy Yiuf
  2771 | D:3      | Identified the +12 hammer "Loeczeas" {heavy, rF+ rC+ rN+}
  2936 | D:3      | Found a sacrificial altar of Ru.
  2936 | D:3      | Found an ancient bone altar of Kikubaaqudgha.
  3315 | D:4      | Reached XP level 6. HP: 53/53 MP: 8/8
  3343 | D:4      | Reached skill level 5 in Armour
  3343 | D:4      | Reached skill level 5 in Dodging
  3370 | D:4      | Reached *** piety under Trog
  3824 | D:2      | Bought a scroll of blinking for 97 gold pieces
  3894 | D:5      | Entered Level 5 of the Dungeon
  3937 | D:5      | Noticed a water moccasin
  3949 | D:5      | Killed a water moccasin
  3950 | D:5      | Reached XP level 7. HP: 36/60 MP: 10/10
  4349 | D:5      | Reached XP level 8. HP: 61/67 MP: 12/12
  4455 | D:5      | Found a hazy altar of Hepliaklqana.
  4505 | D:6      | Noticed Eustachio
  4521 | D:6      | Killed Eustachio
  4843 | D:6      | Found a staircase to the Ecumenical Temple.
  4875 | D:6      | Found a shimmering altar of Xom.
  5075 | D:6      | Found an ornate altar of the Wu Jian Council.
  5110 | D:6      | Found a runed translucent gate.
  5110 | D:6      | Found a runed translucent gate.
  5110 | D:6      | Found a runed translucent gate.
  5116 | D:6      | Noticed GreenGuy14's ghost (novice HOFi)
  5128 | D:6      | Killed GreenGuy14's ghost
  5129 | D:6      | Reached XP level 9. HP: 42/74 MP: 13/15
  5853 | D:6      | Identified a scroll of acquirement
  5853 | D:6      | Acquired 533 gold pieces
  5982 | D:7      | Identified the +6 scale mail of Yredelemnul's Wrath {Int+2
                  | Slay+3}
  6181 | D:7      | Reached skill level 5 in Invocations
  6703 | D:7      | Noticed Jeremiah
  6728 | D:8      | Noticed Maurice
  6735 | D:8      | Something stole 5 javelins
  6737 | D:8      | Something stole the +12 hammer "Loeczeas" {heavy, rF+ rC+
                  | rN+}
  6758 | D:8      | Something stole 593 gold
  6760 | D:8      | Something stole 116 gold
  6769 | D:8      | HP: 3/74 [constriction (2)]
  6769 | D:8      | Constricted to death by Maurice

Illustrated notes

Levels and vault maps discovered:
D:1:      matt_arrival_grand_opening, layout_loops_corners,
          basic_ecumenical_altar
D:2:      layout_loops_ring, nicolae_nh_oracle_at_delphi
D:3:      layout_loops_corners, nicolae_dithmenos_the_darkroom,
          nicolae_overflow_hidden_temple, minmay_tree_intersection,
          minmay_rat_hole, uniq_crazy_yiuf_cottage
D:4:      layout_basic
D:5:      layout_basic, nzn_hepliaklqana_mist_gate, cheibrodos_gnoll_hut
D:6:      layout_basic, nicolae_wu_jian_immortal_techniques, lemuel_tele_altar,
          minmay_temple_entry_antechambers, gammafunk_ghost_necromancy,
          uniq_eustachio
D:7:      mumra_celtic_spiral_tile, layout_basic, uniq_jeremiah
D:8:      layout_rooms, trog_wizard, mainiacjoe_overflow_brackets, uniq_maurice

Skill      XL: |  1  2  3  4  5  6  7  8  9 |
---------------+----------------------------+-----
Invocations    | 1 2 3 4 5 |  5.2
Short Blades   | 1 2 4 |  4.8
Long Blades    | 1 2 4 |  4.8
Maces & Flails | 1 2 4 |  4.8
Polearms       | 1 2 4 |  4.8
Staves         | 1 2 4 |  4.8
Ranged Weapons | 1 2 4 |  4.8
Throwing       | 1 2 4 |  4.8
Stealth        | 1 2 4 |  4.8
Shields        | 1 2 4 |  4.8
Unarmed Combat | 1 2 4 |  4.8
Spellcasting   | 1 2 4 |  4.8
Evocations     | 1 2 4 |  4.8
Shapeshifting  | 1 2 3 4 |  4.3
Conjurations   | 1 2 3 |  3.9
Hexes          | 1 2 3 |  3.9
Summonings     | 1 2 3 |  3.9
Necromancy     | 1 2 3 |  3.9
Translocations | 1 2 3 |  3.9
Transmutations | 1 2 3 |  3.9
Fire Magic     | 1 2 3 |  3.9
Ice Magic      | 1 2 3 |  3.9
Air Magic      | 1 2 3 |  3.9
Earth Magic    | 1 2 3 |  3.9
Poison Magic   | 1 2 3 |  3.9
Armour         | 5 6 |  6.7
Dodging        | 5 6 |  6.7
Fighting       | 7 8 |  8.2
Axes           | 7 8 |  8.2

Action                     |  1- 3 |  4- 6 |  7- 9 || total
---------------------------+-------+-------+-------++-------
  Melee: Hand axe          |    97 |   104 |       ||   201
         Bite              |     9 |     7 |    15 ||    31
         Punch             |       |     3 |     4 ||     7
         Mace              |       |    29 |    81 ||   110
         Broad axe         |       |       |    66 ||    66
 Invoke: Berserk           |       |     2 |     5 ||     7
         Trog's Hand       |       |     2 |     1 ||     3
    Use: Potion            |       |     1 |     4 ||     5
         Scroll            |       |       |    10 ||    10
   Stab: Distracted        |       |       |     1 ||     1
 Armour: Plate armour      |    77 |   108 |   166 ||   351
         Leather armour    |     1 |       |       ||     1
         Scale mail        |       |       |    86 ||    86
  Dodge: Dodged            |    29 |    45 |   111 ||   185

Table legend: (Time is in decaauts)
 A = Elapsed time spent in this place.
 B = Non-inter-level travel time spent in this place.
 C = Inter-level travel time spent in this place.
 D = Time resting spent in this place.
 E = Time spent auto-exploring this place.
 F = Levels seen in this place.
 G = Mean time per level.
                   A        B        C        D        E       F      G
               +--------+--------+--------+--------+--------+-----+--------+
         Total |   6931 |   6450 |    481 |    336 |   5046 |   8 |  866.4 |
       Dungeon |   6931 |   6450 |    481 |    336 |   5046 |   8 |  866.4 |
               +--------+--------+--------+--------+--------+-----+--------+

Top non-repeatable levels by time:
     D:6: 1340 daAuts
     D:3: 1275 daAuts
     D:2: 907 daAuts
     D:4: 898 daAuts
     D:1: 844 daAuts
     D:5: 812 daAuts
     D:7: 801 daAuts
     D:8: 51 daAuts
